 Dungeon Crawl Stone Soup version 0.32-a0-913-g739538afd8 (webtiles) character file.

Game seed: 15626332802734286684

71 Rohain the Grasshopper (level 4, -2/57 HPs)
             Began as a Gnoll Warper on Apr 7, 2024.
             Succumbed to a gnoll's poison
             ... on level 2 of the Dungeon.
             The game lasted 00:02:16 (1455 turns).

Rohain the Grasshopper (Gnoll Warper)               Turns: 1455, Time: 00:02:16

Health: -2/57      AC: 22    Str: 16    XL:     4   Next: 24%
Magic:  11/11      EV:  2    Int: 12    God:
Gold:   45         SH:  0    Dex: 14    Spells: 11/13 levels left

rFire   . . .        f - +2 short sword (flame)
rCold   . . .        (no shield)
rNeg    . . .        b - melded +0 leather armour
rPois   +            (helmet currently unavailable)
rElec   .            i - melded +0 cloak
rCorr   .            e - melded +0 pair of gloves
SInv    .            (boots currently unavailable)
Will    .....        (no amulet)
Stlth   ++           k - +6 ring of strength
HPRegen 0.29/turn    (no ring)
MPRegen 0.12/turn

%: no passive effects
@: lethally poisoned (-2 -> -16), tree-form
A: stationary, stasis, torment immunity, boosted hp, (fangs 1), strong nose,
distributed training
a: no special abilities


You were on level 2 of the Dungeon.
You were a tree.
You visited 1 branch of the dungeon, and saw 3 of its levels.

You collected 45 gold pieces.

Inventory:

Hand Weapons
 a - a +0 spear
 f - a +2 short sword of flaming (weapon)
 m - a +0 arbalest
Missiles
 d - 7 darts of dispersal (quivered)
 j - 6 javelins
 p - 3 curare-tipped darts
Armour
 b - a +0 leather armour (melded)
 e - a +0 pair of gloves (melded)
 i - a +0 cloak (melded)
Jewellery
 k - a +6 ring of strength (left branch)
Scrolls
 c - a scroll of blinking
 h - 2 scrolls of identify
 l - a scroll of torment {unknown}
Potions
 g - 2 potions of lignification
 n - 2 potions of brilliance
 o - a potion of curing {unknown}


   Skills:
 + Level 4.6 Fighting
 + Level 1.1 Short Blades
 + Level 1.1 Long Blades
 + Level 1.1 Axes
 + Level 1.1 Maces & Flails
 + Level 4.6 Polearms
 + Level 1.1 Staves
 + Level 1.1 Ranged Weapons
 + Level 2.7 Throwing
 + Level 2.7 Armour
 + Level 4.6 Dodging
 + Level 1.1 Stealth
 + Level 1.1 Shields
 + Level 1.1 Unarmed Combat
 + Level 5.1 Spellcasting
 + Level 0.9 Conjurations
 + Level 0.9 Hexes
 + Level 0.9 Summonings
 + Level 0.9 Necromancy
 + Level 5.4 Translocations
 + Level 0.9 Fire Magic
 + Level 0.9 Ice Magic
 + Level 0.9 Air Magic
 + Level 0.9 Earth Magic
 + Level 0.9 Alchemy
 + Level 1.2 Invocations
 + Level 1.1 Evocations
 + Level 1.0 Shapeshifting


You had 11 spell levels left.
You knew the following spells:

 Your Spells              Type           Power      Damage    Failure   Level
a - Blink                 Tloc           32%        N/A       3%          2

Your spell library contained the following spells:

 Spells                   Type           Power      Damage    Failure   Level
 Lesser Beckoning         Tloc           32%        N/A       3%          2
 Maxwell's Portable Pile  Tloc           16%        2d(6-18)  6%          3
 Teleport Other           Tloc           16%        N/A       6%          3
 Ensorcelled Hibernation  Hex/Ice        10%        N/A       21%         2
 Fugue of the Fallen      Necr           5%         N/A       38%         3
 Vhi's Electric Charge    Tloc/Air       20%        N/A       47%         4
 Anguish                  Hex/Necr       2%         N/A       80%         4


Dungeon Overview and Level Annotations

Branches:
Dungeon (3/15)

Altars:


Innate Abilities, Weirdness & Mutations

You are a tree.
Your roots penetrate the ground, keeping you stationary.
You cannot be teleported.
You are immune to unholy pain and torment.
Your maximum health is greatly increased.
Your equipment is partially melded.
((You have very sharp teeth.))
Your uncanny sense of smell can sniff out nearby items.
Your experience applies equally to all skills.


Message History

There is a stone staircase leading up here.
The gnoll barely misses you. The gnoll hits you but does no damage.
You climb upwards.
There is a stone staircase leading down here.
You closely miss the gnoll. The gnoll closely misses you.
The gnoll barely misses you.
You barely miss the gnoll. The gnoll barely misses you.
The gnoll closely misses you.
You hit the gnoll. You burn the gnoll.
The gnoll is moderately wounded.
The gnoll misses you. The gnoll closely misses you.
You closely miss the gnoll. Your bite misses the gnoll.
The gnoll is moderately wounded.
The gnoll hits you with a +3 halberd of venom!
You are poisoned.
The gnoll closely misses you.
You hit the gnoll. You burn the gnoll.
The gnoll is almost dead.
You feel very sick.
The gnoll hits you with a +3 halberd of venom.
You are lethally poisoned!
The gnoll hits you with a +0 spear.
You barely miss the gnoll.
The gnoll is almost dead.
* * * LOW HITPOINT WARNING * * *
You feel very sick. The gnoll closely misses you.
The gnoll completely misses you.
Unknown command.
You turn into a tree.
Your +0 cloak melds into your body.
Your +0 pair of gloves melds into your body.
Your +0 leather armour melds into your body.
Your roots penetrate the ground.
* * * LOW HITPOINT WARNING * * *
You feel very sick.
The gnoll hits you with a +3 halberd of venom.
* * * LOW HITPOINT WARNING * * *
The gnoll hits you but does no damage.
You hit the gnoll. You burn the gnoll.
You kill the gnoll!
You die...

#.............##....####
#..[......)..###.#.## #
#.##.#.......# #.#.#
#.#...#.####.# #.#.#
#.##.##.# #.# #.#.#####
#.##.##.# #.###...#...#
#.......# #.........#.#
####.#######.....#......
#...♣g....#.....#.#..
#....)#.....#.#...÷..
##......#.#.....#....
#..#.#.....#........
#......#...#.#.#.##.
#........###.....##.
##...#.#.....#..###.
##......#..........
#.##.....#.#.##.##


You could see a gnoll.

Vanquished Creatures
  Natasha (D:1)
  A gnoll (D:2)
  2 dart slugs (D:1)
  An orc (D:2)
  2 ball pythons
  5 endoplasms
  5 goblins
  3 hobgoblins
  3 jackals
  A quokka (D:1)
  5 bats
  A frilled lizard (D:1)
  4 kobolds
  3 rats
37 creatures vanquished.

Notes
Turn   | Place    | Note
-------+----------+-------------------------------------------
     0 | D:1      | Rohain the Gnoll Warper began the quest for the Orb.
     0 | D:1      | Reached XP level 1. HP: 20/20 MP: 6/6
    89 | D:1      | Reached XP level 2. HP: 17/26 MP: 7/7
   193 | D:1      | Learned a level 2 spell: Blink
   492 | D:1      | Reached skill level 5 in Spellcasting
   492 | D:1      | Reached XP level 3. HP: 31/31 MP: 7/9
   704 | D:2      | Noticed Natasha
   720 | D:1      | Killed Natasha
   721 | D:1      | Reached skill level 1 in Short Blades
   721 | D:1      | Reached skill level 1 in Long Blades
   721 | D:1      | Reached skill level 1 in Axes
   721 | D:1      | Reached skill level 1 in Maces & Flails
   721 | D:1      | Reached skill level 1 in Staves
   721 | D:1      | Reached skill level 1 in Ranged Weapons
   721 | D:1      | Reached skill level 1 in Stealth
   721 | D:1      | Reached skill level 1 in Shields
   721 | D:1      | Reached skill level 1 in Unarmed Combat
   721 | D:1      | Reached skill level 1 in Invocations
   721 | D:1      | Reached skill level 1 in Evocations
   721 | D:1      | Reached skill level 1 in Shapeshifting
   721 | D:1      | Reached XP level 4. HP: 16/38 MP: 11/11
  1454 | D:2      | HP: 1/57 [gnoll/+3 halberd of venom (5)]
  1455 | D:2      | Succumbed to a gnoll's poison

Illustrated notes

Levels and vault maps discovered:
D:1:      minmay_arrival_doors, layout_basic
D:2:      layout_loops_cross, hangedman_decor_points, uniq_natasha
D:3:      layout_basic, uniq_robin

Skill      XL: |  1  2  3 |
---------------+----------+-----
Spellcasting   | 5 |  5.1
Short Blades   | 1 |  1.1
Long Blades    | 1 |  1.1
Axes           | 1 |  1.1
Maces & Flails | 1 |  1.1
Staves         | 1 |  1.1
Ranged Weapons | 1 |  1.1
Stealth        | 1 |  1.1
Shields        | 1 |  1.1
Unarmed Combat | 1 |  1.1
Invocations    | 1 |  1.2
Evocations     | 1 |  1.1
Shapeshifting  | 1 |  1.0
Fighting       | |  4.6
Polearms       | |  4.6
Throwing       | |  2.7
Armour         | |  2.7
Dodging        | |  4.6
Conjurations   | |  0.9
Hexes          | |  0.9
Summonings     | |  0.9
Necromancy     | |  0.9
Translocations | |  5.4
Fire Magic     | |  0.9
Ice Magic      | |  0.9
Air Magic      | |  0.9
Earth Magic    | |  0.9
Alchemy        | |  0.9

Action                     |  1- 3 |  4- 6 || total
---------------------------+-------+-------++-------
  Melee: Spear             |    35 |       ||    35
         Short sword       |    38 |    33 ||    71
         Bite              |     6 |     2 ||     8
    Use: Scroll            |       |     2 ||     2
         Potion            |       |     1 ||     1
 Armour: Leather armour    |    34 |    17 ||    51
         Skin              |       |     2 ||     2
  Dodge: Dodged            |    42 |    32 ||    74

Table legend: (Time is in decaauts)
 A = Elapsed time spent in this place.
 B = Non-inter-level travel time spent in this place.
 C = Inter-level travel time spent in this place.
 D = Time resting spent in this place.
 E = Time spent auto-exploring this place.
 F = Levels seen in this place.
 G = Mean time per level.
                   A        B        C        D        E       F      G
               +--------+--------+--------+--------+--------+-----+--------+
         Total |   1448 |   1314 |    134 |     96 |    877 |   3 |  482.7 |
       Dungeon |   1448 |   1314 |    134 |     96 |    877 |   3 |  482.7 |
               +--------+--------+--------+--------+--------+-----+--------+

Top non-repeatable levels by time:
     D:2: 749 daAuts
     D:1: 690 daAuts
     D:3: 8 daAuts
